 Dungeon Crawl Stone Soup version 0.19-a0-1496-gfc80c20 (webtiles) character file.

84 AlphabetPasta the Gusty (level 4, -2/33 HPs)
             Began as a Ghoul Air Elementalist on Sept 9, 2016.
             Slain by Sigmund
             ... wielding a +0 scythe
              (7 damage)
             ... on level 2 of the Dungeon.
             The game lasted 00:12:00 (2378 turns).

AlphabetPasta the Gusty (Ghoul Air Elementalist)    Turns: 2378, Time: 00:12:01

Health: -2/33      AC:  2    Str: 13 (16) XL:     4   Next: 46%
Magic:  6/6        EV: 12    Int: 11      God:
Gold:   92         SH:  0    Dex:  9      Spells: 3 memorised, 2 levels left

rFire  . . .     SeeInvis .       - Unarmed
rCold  + . .     Gourm    .     a - +0 robe
rNeg   + + +     Faith    .     (no shield)
rPois  ∞         Spirit   .     (no helmet)
rElec  .         Dismiss  .     (no cloak)
rCorr  .         Reflect  .     (no gloves)
MR     .....     Harm     .     (no boots)
Stlth  +.........               (no amulet)
                                (no ring)
                                (no ring)

@: confused, mighty, flying, rotting, repel missiles
A: rotting body, claws 1, carnivore 3, cold resistance 1, negative energy
resistance 3, slow regeneration 1, torment resistance, unbreathing
a: no special abilities


You were on level 2 of the Dungeon.
You were not hungry.

You visited 1 branch of the dungeon, and saw 2 of its levels.

You collected 92 gold pieces.

Inventory:

Armour
 a - a +0 robe (worn)
 j - a +0 buckler
Scrolls
 d - 2 scrolls of identify {unknown}
 f - a scroll of amnesia {unknown}
 i - a scroll of magic mapping {unknown}
Books
 b - a book of Air

   Spells                             Type                      Level
   a - Shock                          Conjuration/Air              1
   b - Swiftness                      Charms/Air                   2
   c - Repel Missiles                 Charms/Air                   2
   d - Static Discharge               Conjuration/Air              3
   e - Lightning Bolt                 Conjuration/Air              5
Comestibles
 c - a meat ration


   Skills:
 - Level 2.0 Dodging
 - Level 2.1 Stealth
 + Level 0.1 Shields
 - Level 1.6 Unarmed Combat
 + Level 2.0 Spellcasting
 + Level 1.7 Conjurations
 * Level 3.1 Air Magic


You had 2 spell levels left.
You knew the following spells:

 Your Spells              Type           Power        Failure   Level  Hunger
a - Shock                 Conj/Air       #...         14%         1    ##.....
b - Repel Missiles        Chrm/Air       #.....       24%         2    ###....
c - Swiftness             Chrm/Air       #.......     24%         2    ###....


Dungeon Overview and Level Annotations

Branches:
Dungeon (2/15)

Altars:

Annotations:
D:1 Terence
D:2 Sigmund


Innate Abilities, Weirdness & Mutations

Your body is rotting away.
You thrive on raw meat.
You are immune to poison.
You have sharp fingernails.
You are carnivorous and can eat meat at any time.
Your flesh is cold resistant. (rC+)
You are immune to negative energy. (rN+++)
You regenerate slowly when monsters are visible.
You are immune to unholy pain and torment.
You can survive without breathing.


Message History

Something tries to affect you, but you resist.
You are confused.
You bump into the rock wall.
It was a potion of flight.
You feel very buoyant.
You fly up into the air.
It was a potion of might.
You feel very mighty all of a sudden. Something hits you!
You feel less confused. Something hits you but does no damage.
You claw something! Something hits you!
You barely miss something. Your claw misses something.
You barely miss something. Something hits you!
* * * LOW HITPOINT WARNING * * *
You barely miss something.
You hear some strange, mumbled words.
You are confused.
You're too confused to move!
Something hits you!
You die...

#### ... ####.....
#.... ###<...#
#....########
##...##..#
#...........###..###
# #.[.........#..@##
##...........#(###
...............####.
###..................
..........#.......#.#
###.........%.......
##......###......##
#........##.#....#
###.........#.###....
##


There were no monsters in sight!

Vanquished Creatures
  An adder (D:2)
  A gnoll (D:1)
  3 oozes (D:1)
  2 dart slugs
  7 giant cockroaches
  7 goblins (D:1)
  6 hobgoblins
  3 jackals (D:1)
  4 kobolds (D:1)
  A quokka (D:2)
  A ball python (D:1)
  3 bats
  A giant newt (D:1)
  4 rats
44 creatures vanquished.

Notes
Turn   | Place    | Note
-------+----------+-------------------------------------------
     0 | D:1      | AlphabetPasta the Ghoul Air Elementalist began the quest for the Orb.
     0 | D:1      | Reached XP level 1. HP: 14/14 MP: 2/2
   187 | D:1      | Reached skill level 1 in Conjurations
   187 | D:1      | Reached XP level 2. HP: 20/20 MP: 0/3
   226 | D:1      | Learned a level 2 spell: Repel Missiles
   719 | D:1      | Reached XP level 3. HP: 26/26 MP: 1/4
   845 | D:1      | Reached skill level 1 in Unarmed Combat
   849 | D:1      | Learned a level 2 spell: Swiftness
  1522 | D:1      | Reached XP level 4. HP: 17/32 MP: 0/6
  1617 | D:2      | Noticed Terence
  1706 | D:1      | Reached skill level 3 in Air Magic
  2344 | D:2      | Noticed Sigmund
  2378 | D:2      | Slain by Sigmund

Vault maps used:
D:1:      dpeg_arrival_central, minmay_curled_crystal, minmay_pentomino_q2
D:2:      minmay_split_cup_large, uniq_terence, uniq_sigmund, uniq_natasha

Skill      XL: |  1  2  3  4 |
---------------+-------------+-----
Dodging        | 2 |  2.0
Conjurations   | 1 |  1.7
Unarmed Combat | 1 |  1.6
Spellcasting   | 2 |  2.0
Air Magic      | 3 |  3.1
Stealth        | |  2.1
Shields        | |  0.1

Action                   |  1- 3 |  4- 6 || total
-------------------------+-------+-------++-------
Melee: Unarmed           |    77 |    29 ||   106
 Cast: Shock             |    60 |    36 ||    96
       Repel Missiles    |     2 |       ||     2
  Use: Potion            |       |     4 ||     4
  Eat: Chunk             |    29 |     7 ||    36
Armor: Robe              |    12 |     9 ||    21
Dodge: Dodged            |    52 |    27 ||    79
       Deflected         |     1 |       ||     1
